[Event "Azerbaijan Women Championship 2022"]
[Site "Baku"]
[Date "2022.05.17"]
[Round "1.1"]
[White "Hajiyeva, Laman"]
[Black "Balajayeva, Khanim"]
[Result "0-1"]
[ECO "B24"]
[WhiteElo "1971"]
[BlackElo "2376"]
[Annotator "TA"]
[PlyCount "96"]
[EventDate "2022.05.17"]
[EventType "tourn"]
[EventCountry "AZE"]
[SourceTitle "playchess.com"]
[Source "ChessBase"]
[SourceQuality "1"]
[TimeControl "40/5400+30:1800+30"]

1. e4 c5 2. Nc3 Nc6 3. g3 g6 4. Bg2 Bg7 5. Nge2 d6 6. d3 e6 7. Be3 Nge7 8. Qd2 Nd4 $1 {[%emt 0:04:24] 8...Nd4 scores better than 8...0-0.} 9. O-O O-O 10. Rac1 {[%emt 0:13:48] B26: Closed Sicilian: 3 g3, lines with early Be3.} Qb6 {[#]} 11. Nd1 $146 ({Predecessor:} 11. b3 Qb4 12. Nxd4 cxd4 13. Ne2 Qxd2 14. Bxd2 Nc6 15. b4 b5 16. e5 d5 17. f4 Bd7 {1-0 (39) Heimrath,R (2272)-Birkmann,G (1995) Ansbach 2000}) 11... Nxe2+ 12. Qxe2 {[%emt 0:00:05] The position is equal.} Qa6 13. a3 Nc6 14. Qd2 Nd4 15. f4 Bd7 16. g4 f5 17. gxf5 exf5 18. Nc3 Bc6 19. Rfe1 Rae8 {[%emt 0:07:02] Black is more active.} 20. Nd5 Bxd5 21. exd5 Qa4 22. Kh1 Nb5 ({Black should play} 22... a5 $15) 23. c3 $11 Nc7 24. Qc2 Qxc2 25. Rxc2 Rf7 {[%emt 0:01:54] ...Rfe7 is the strong threat.} 26. Rce2 Rfe7 {Hoping for ...Bf6.} 27. Kg1 {[%emt 0:00:30] [#]} g5 $1 {[%emt 0:04:08] And now ...gxf4 would win.} 28. Kf1 ({Don't blunder} 28. fxg5 $2 f4 29. Be4 fxe3 30. Rxe3 Re5 $19) 28... g4 29. Bf2 Rxe2 30. Rxe2 Rxe2 31. Kxe2 $17 {[%emt 0:00:02][%mdl 4096] Endgame KBB-KBN} Bf6 32. Kd2 b6 33. Kc2 Kf7 34. a4 h5 35. b4 (35. Kd1 $142) 35... h4 36. Kb3 $2 {[%emt 0:00:27] [#] White does not recover from this.} (36. bxc5 $17 {is a better defense.} bxc5 37. d4 cxd4 38. cxd4) 36... h3 $19 37. Bh1 Ke7 38. Kc4 Kd7 39. bxc5 (39. Kb3 $142 Ne8 40. Kc4) 39... bxc5 {[%emt 0:00:06] Black is clearly winning.} 40. d4 cxd4 41. cxd4 Kc8 42. Kd3 Ne8 43. Be1 Ng7 44. Ke3 Nh5 45. a5 Kb7 46. Bb4 Be7 47. Be1 Ka6 48. Bc3 Kb5 {[%emt 0:00:20] Weighted Error Value: White=0.36/Black=0.06 (flawless)} 0-1

[Event "Azerbaijan Women Championship 2022"]
[Site "Baku"]
[Date "2022.05.17"]
[Round "1.2"]
[White "Fataliyeva, Ulviyya"]
[Black "Abdulla, Khayala"]
[Result "1/2-1/2"]
[ECO "E15"]
[WhiteElo "2348"]
[BlackElo "2219"]
[Annotator "TA"]
[PlyCount "145"]
[EventDate "2022.05.17"]
[EventType "tourn"]
[EventCountry "AZE"]
[SourceTitle "playchess.com"]
[Source "ChessBase"]
[SourceQuality "1"]
[TimeControl "40/5400+30:1800+30"]

1. d4 Nf6 2. c4 e6 3. Nf3 b6 4. g3 Ba6 5. b3 Bb4+ 6. Bd2 Be7 7. Nc3 d5 8. cxd5 exd5 9. Bg2 O-O 10. O-O c6 11. a3 {[%emt 0:06:40] [#] E15: Queen's Indian: 4 g3 sidelines, 4 g3 Ba6 and 4 g3 Bb7 early deviations.} Nbd7 $146 ({Predecessor:} 11... Re8 12. b4 Nbd7 13. b5 Bxb5 14. Nxb5 cxb5 15. Qb3 a6 16. Ne5 Nxe5 17. dxe5 Ne4 18. Be3 Bc5 {0-1 (40) Vignesh,N (2427)-Hansen,E (2606) Chess.com INT 2022}) 12. b4 Ne4 13. Nxe4 {[%emt 0:09:33] White has an edge.} dxe4 14. Ne5 Nxe5 15. dxe5 Qd4 16. Bf4 Qc4 ({Black should try} 16... Qxd1 $14 17. Rfxd1 Rad8) 17. Qd7 Rfe8 (17... Qe6 $16 {was worth a try.} 18. Qxe6 fxe6) 18. Rfc1 $36 {[%emt 0:03:12][%mdl 2048] White is in control.} Qd5 (18... Qxe2 $2 19. Bf1 Qb2 20. Bxa6 $18) 19. Qf5 ({But not} 19. Qxc6 Qxc6 20. Rxc6 f5 $16) 19... g6 20. Qxe4 {[%emt 0:01:42] Hoping for Qe3.} Rac8 {[%emt 0:03:40] [#]} 21. Rxc6 $3 Qxe4 22. Bxe4 Bxe2 23. Rac1 Rxc6 24. Rxc6 Bf8 25. Rc7 g5 26. Bc6 {[%emt 0:01:10] White is more active.} ({Inferior is} 26. Bxg5 Rxe5 27. Bxh7+ Kxh7 $17) 26... Re7 27. Rxe7 Bxe7 $16 {[%emt 0:00:02][%mdl 4096] Endgame KBB-KBB} 28. Be3 g4 29. Bh6 a5 30. bxa5 (30. Bd2 $16) 30... bxa5 $14 31. a4 Bf8 32. Bg5 Bb4 33. Kg2 Bd1 34. Bh6 Bc3 {[%emt 0:00:48] The position is equal.} 35. h3 gxh3+ 36. Kxh3 Bxe5 37. g4 Bc3 38. Kg3 Bb3 39. Kf3 Bd1+ 40. Kg3 Be1 41. Be3 f6 42. Bd7 Kf7 43. Bc5 h5 44. gxh5 Bxh5 45. Kf4 Bd1 46. Ke4 Bc2+ 47. Kd5 Kg6 48. Be3 f5 49. Be8+ Kf6 50. f4 Bb3+ 51. Kc5 Bb4+ 52. Kb5 Bd1 53. Kb6 Ke6 (53... Ke7 $5 54. Bb5 Kd6 $11) 54. Bc6 Kd6 55. Bd4 Bd2 56. Be5+ Ke6 57. Bc7 Bb3 58. Kb5 Bd5 59. Be8 Be4 60. Kc5 Bc2 61. Bc6 Bb3 62. Be5 Be3+ 63. Kb5 Bd2 64. Kb6 Bd5 65. Bb5 Bb3 66. Be8 Bc2 67. Bc6 Bb3 68. Kc7 Bc2 69. Kd8 Be4 70. Bd7+ Kd5 71. Ke7 Bc2 72. Kf6 Kc4 73. Bxf5 {Blacks defense is rewarded with a draw.  Weighted Error Value: White=0.06 (flawless) /Black=0.06 (flawless)} 1/2-1/2

[Event "Azerbaijan Women Championship 2022"]
[Site "Baku"]
[Date "2022.05.17"]
[Round "1.3"]
[White "Mammadova, Gulnar"]
[Black "Mamedjarova, Turkan"]
[Result "1-0"]
[ECO "C52"]
[WhiteElo "2387"]
[BlackElo "2264"]
[Annotator "TA"]
[PlyCount "69"]
[EventDate "2022.05.17"]
[EventType "tourn"]
[EventCountry "AZE"]
[SourceTitle "playchess.com"]
[Source "ChessBase"]
[SourceQuality "1"]
[TimeControl "40/5400+30:1800+30"]

1. e4 e5 2. Nf3 Nc6 3. Bc4 Bc5 4. b4 Bxb4 5. c3 Ba5 6. d4 Qf6 {[%emt 0:10:14] Recently 6...d6 got a lot of attention.} 7. O-O $1 Bb6 {[%emt 0:07:25] C52: Evans Gambit Accepted: 5 c3 Ba5.} 8. Bg5 {[%emt 0:06:58] White is more active.} (8. a4 $14 {is more appropriate.}) 8... Qg6 $11 9. dxe5 {[%emt 0:07:08] [#]} Nge7 $146 {[%emt 0:10:30][%cal Bg8e7,Be7g6,Bg6f4][%mdl 32] White has an edge.} ({Predecessor:} 9... f6 10. exf6 gxf6 11. Bf4 Nge7 12. Re1 d6 13. Nh4 Qg4 14. Qxg4 Bxg4 15. h3 Bh5 {0-1 (38) Kobl,R (2048)-Lippert,F (2032) Groebenzell 2018}) 10. Nbd2 O-O 11. Bf4 {[%emt 0:07:06] aiming for Nh4.} Qg4 {[%emt 0:04:44] Against Nh4} 12. Bg3 Ng6 13. Kh1 Qh5 14. Be2 Qh6 {[%emt 0:01:46] [#]} 15. Nc4 $1 Nf4 16. Nxb6 axb6 17. Bb5 ({White should try} 17. Nd4 $1 $14 Nxe2 18. Qxe2) 17... f6 (17... Re8 $5 ) 18. exf6 Qxf6 19. Nd4 Nxd4 (19... Ra5 $11 20. Rb1 d6) 20. cxd4 $14 d6 21. Qc1 Nxg2 {[%emt 0:04:09] Strongly threatening ...Qf3.} 22. f4 $1 ({But not} 22. Qxc7 Qf3 23. Qc4+ (23. Bc4+ $2 Kh8 $19) 23... d5 $17) 22... Bh3 23. Rf2 {[%emt 0:02:29][%mdl 1024] Bc4+ is the strong threat. White has compensation.} Nh4 24. f5 Kh8 25. Qb2 d5 $2 (25... Qg5 $14) 26. Rg1 $18 {[%emt 0:01:46] Black must now prevent Be5.} Qh6 (26... dxe4 $2 27. Be5 $18) 27. Bf4 Qh5 28. Be2 {[%emt 0:00:14] Inhibits Bg4.} (28. Be5 $18 Rf7 29. Be2) 28... Qe8 $2 {[%emt 0:00:14][%mdl 8192] A mistake that costs the game.} (28... Bxf5 $16 {was called for.} 29. exf5 (29. Bxh5 Bxe4+ 30. Rgg2 Nxg2 $11) 29... Qxf5) 29. Be5 Ng6 30. Bh5 {[%emt 0:01:34][%cal Be2h5,Bh5g6,Bg6e4][%mdl 96] Pin. This bishop pair is nice.} dxe4 (30... Nxe5 $142 31. Bxe8 Nd3) 31. fxg6 {[%emt 0:01:14][%cal Oe5g7] White wants to mate with Bxg7+!} hxg6 32. Bxg6 {[%emt 0:01:22] White mates.} Qc6 {[%emt 0:00:18] [#]} 33. Bxg7+ $1 Kg8 34. Bxf8 e3+ 35. Be4+ {[%emt 0:00:11] Weighted Error Value: White=0.17 (very precise) /Black=0.67} 1-0

[Event "Azerbaijan Women Championship 2022"]
[Site "Baku"]
[Date "2022.05.17"]
[Round "1.4"]
[White "Beydullayeva, Govhar"]
[Black "Allahverdiyeva, Ayan"]
[Result "1-0"]
[ECO "D34"]
[WhiteElo "2384"]
[BlackElo "2120"]
[Annotator "TA"]
[PlyCount "75"]
[EventDate "2022.05.17"]
[EventType "tourn"]
[EventCountry "AZE"]
[SourceTitle "playchess.com"]
[Source "ChessBase"]
[SourceQuality "1"]
[TimeControl "40/5400+30:1800+30"]

1. d4 d5 2. c4 e6 3. Nc3 c5 4. cxd5 exd5 5. Nf3 Nc6 6. g3 Nf6 7. Bg2 Be7 8. O-O O-O 9. dxc5 Bxc5 10. a3 Ne4 {[%emt 0:08:17] D34: Tarrasch Defence: 6 g3 Nf6 7 Bg2 Be7.} 11. Qc2 Nxc3 12. Qxc3 Bb6 {[%emt 0:08:31] The position is equal.} 13. b4 Bf5 14. Bb2 d4 15. Qd2 Be4 {[%emt 0:09:13] [#]} 16. Rfd1 $146 (16. b5 $5 Na5 17. Qf4 $14 (17. Nxd4 $2 Bxg2 18. Kxg2 Nc4 $19)) ({Predecessor:} 16. a4 a6 17. b5 Na5 18. Qb4 axb5 19. axb5 Qd5 20. Bxd4 Bxf3 21. Bxb6 Bxg2 22. Rfd1 {½-½ (41) Potkin,V (2666)-Moranda,W (2560) Legnica 2013}) 16... Qd5 $1 17. Qf4 Rae8 18. Rac1 Re7 (18... f6 $11) 19. Bf1 (19. a4 $5 ) 19... Rfe8 20. Nd2 Bc7 21. Qh4 (21. Qg4 $11) 21... Qa2 $1 $15 22. Ba1 {[%emt 0:05:55] Strongly threatening b5.} Bc2 $1 (22... Qxa3 $2 23. b5 $16) 23. Re1 Bg6 ({Black should try} 23... Bb6 $1 $15) 24. b5 $11 Ne5 25. Qxd4 {[%emt 0:01:01] next Nc4 is good for White.} Bb6 $132 {[%emt 0:00:56][%mdl 2048] Black is not keeping still} 26. Qc3 f6 {[%emt 0:00:01][%cal Oe5d3] Threatens to win with ...Nd3!} 27. Red1 (27. Bb2 $11) 27... Kh8 (27... Ng4 $1 $15 {stays ahead.} 28. e3 Nxe3 29. fxe3 Rxe3 30. Qc4+ Bf7) 28. Qb3 $16 Bf7 29. Qxa2 (29. Qb4 {is more complex.} Rd7 30. Bxe5 fxe5 31. Ne4) 29... Bxa2 30. h3 {[%emt 0:01:37] Against Ng4} Kg8 31. Bg2 Nf7 32. e3 Nd6 {[%emt 0:00:10] Against Nc4} ({Black should play} 32... Rd8) 33. a4 Rd7 {[%emt 0:00:01] [#]} (33... Rd8 $16 34. Bc3 Red7) 34. Bc3 (34. Ne4 $1 $18 Red8 {[#]} 35. Bxf6 $1 gxf6 36. Nxf6+ Kf8 37. Nxd7+ Rxd7 38. a5 Bxa5 39. Ra1) 34... Red8 35. Bf3 Nf5 36. Ne4 {[%emt 0:01:41] Rxd7 is the strong threat.} Bb3 $2 (36... Rxd1+ $16 37. Rxd1 Rxd1+ 38. Bxd1 Bd8) 37. Rxd7 $18 Rxd7 38. a5 {[%emt 0:00:05] Weighted Error Value: White=0.22 (precise) /Black=0.46} 1-0

[Event "Azerbaijan Women Championship 2022"]
[Site "Baku"]
[Date "2022.05.18"]
[Round "2.1"]
[White "Mamedjarova, Turkan"]
[Black "Balajayeva, Khanim"]
[Result "1/2-1/2"]
[ECO "E21"]
[WhiteElo "2264"]
[BlackElo "2376"]
[Annotator "TA"]
[PlyCount "83"]
[EventDate "2022.05.17"]
[EventType "tourn"]
[EventCountry "AZE"]
[SourceTitle "playchess.com"]
[Source "ChessBase"]
[SourceQuality "1"]
[TimeControl "40/5400+30:1800+30"]

1. d4 Nf6 2. c4 e6 3. Nc3 Bb4 4. Nf3 b6 5. Bd2 Bb7 6. e3 O-O 7. Bd3 d5 8. O-O dxc4 $1 {[%emt 0:02:06] The main line 8...dxc4 scores better than 8...Nbd7.} 9. Bxc4 Nbd7 10. Qe2 {[%emt 0:02:37] E52: Nimzo-Indian: Rubinstein: 4...0-0 5 Nf3 d5 6 Bd3 b6.} a6 11. a4 {[%emt 0:03:30] [#]} c5 $146 ({Predecessor:} 11... Qe7 12. Bd3 c5 13. dxc5 Nxc5 14. Bc2 Rac8 15. Rfd1 h6 16. Be1 a5 17. Nd4 Rfd8 {0-1 (53) Trisha,K (2180)-Blohberger,F (2502) Reykjavik 2021}) 12. Rac1 Qb8 13. h3 Rd8 14. Rfd1 cxd4 15. exd4 h6 16. Bd3 Bf8 17. Ne5 Qd6 18. Bf4 Nd5 19. Bg3 {[%emt 0:05:53][%cal Oe5f7] Black must now prevent Nxf7!} (19. Qe4 $2 f5 20. Nxd7 fxe4 $19) 19... Nxc3 20. Rxc3 {[%emt 0:01:01][%cal Oe5f7] aiming for Nxf7!} Qd5 21. Nf3 {[%emt 0:02:09] Active counter play!} Qa5 (21... Bb4 $11) 22. Rc7 $14 Bd5 23. Bh4 f6 {[%emt 0:05:27] Inhibits Ne5.} 24. Bc2 (24. Bg3 $1 $14) 24... Bd6 $15 25. Rc3 Nf8 {[%emt 0:00:54] [#]} (25... Rac8 $15 {keeps the upper hand.}) 26. Nh2 $2 (26. Bxf6 $1 $16 {[%cal Of3e5] And now Ne5! would win.} Rdc8 27. Be5 Rxc3 28. bxc3 (28. Bxd6 Bxf3 29. gxf3 Rc6 $11) 28... Bxe5 29. Nxe5 Qxc3 30. Bd3) 26... Rdc8 $17 27. Rxc8 Rxc8 28. Ng4 f5 (28... Bc4 $15 29. Qe3 f5) 29. Ne3 $1 $11 Bf4 (29... g5 $11 {remains equal.} 30. Bg3 f4 31. Nxd5 Qxd5) 30. Be7 ({White should try} 30. b4 $1 $16 Qxb4 31. Nxd5 exd5 32. Bxf5) 30... Bxe3 31. b4 $132 {[%emt 0:00:51][%mdl 2048] White is fighting back} Bc4 $1 (31... Rxc2 $2 32. Qxc2 Be4 33. Qxe4 (33. bxa5 Bxc2 34. fxe3 Bxd1 $17) 33... Qxa4 34. Qb1 $18) 32. Qxe3 (32. bxa5 $2 {too greedy.} Bxe2 33. fxe3 Rxc2 $19) 32... Qd5 33. Bxf8 Kxf8 34. Qf4 Kg8 35. Qe5 Rd8 36. Qc7 b5 37. a5 (37. axb5 $11 {keeps the balance.} axb5 38. Qg3) 37... Qa8 (37... Qd6 $5 38. Qc5 Rd7 $15) 38. Qe5 Bd5 {[%emt 0:00:36] Threatens to win with ...Qc6.} (38... Qc6 $5 ) 39. Rd3 {[%emt 0:00:26] The position is equal.} Rc8 40. Rg3 Qb7 41. Bb3 Bxb3 42. Rxb3 {[%emt 0:00:03] Weighted Error Value: White=0.20 (precise) /Black=0.21 (precise)} 1/2-1/2

[Event "Azerbaijan Women Championship 2022"]
[Site "Baku"]
[Date "2022.05.18"]
[Round "2.2"]
[White "Abdulla, Khayala"]
[Black "Hajiyeva, Laman"]
[Result "1/2-1/2"]
[ECO "C03"]
[WhiteElo "2219"]
[BlackElo "1971"]
[Annotator "TA"]
[PlyCount "91"]
[EventDate "2022.05.17"]
[EventType "tourn"]
[EventCountry "AZE"]
[SourceTitle "playchess.com"]
[Source "ChessBase"]
[SourceQuality "1"]
[TimeControl "40/5400+30:1800+30"]

1. e4 e6 2. d4 d5 3. Nd2 Be7 4. Ngf3 c5 5. exd5 exd5 6. dxc5 {[%emt 0:00:25] C03: French Tarrasch: Unusual Black 3rd moves.} Nf6 7. Nb3 O-O 8. Be3 {[%emt 0:02:34][%cal Bc1e3,Be3d4,Bd4e5][%mdl 32] [#] White is slightly better.} Ng4 $146 ({Predecessor:} 8... Nc6 9. c3 Bg4 10. Be2 Qc7 11. O-O Rad8 12. h3 Bh5 13. Nfd4 Bg6 14. Re1 Ne4 {1-0 (27) Benjamin,J (2577)-Shabalov,A (2601) Seattle 2000}) 9. Bd4 a5 10. a4 Na6 11. Be2 Qc7 12. h3 Nf6 13. Be5 Qd8 14. O-O Ne4 15. c4 dxc4 16. Qxd8 Rxd8 17. Bxc4 Naxc5 18. Bc7 Rd7 19. Bb6 {[%emt 0:01:55] With the idea Rfe1.} Nxb3 20. Bxb3 Nd2 21. Nxd2 Rxd2 22. Rfe1 Kf8 23. Re3 Ra6 24. Bc7 Bc5 $1 25. Rf3 Be6 (25... Rf6 $1 $15 26. Rxf6 gxf6 27. Bxa5 Rxb2) 26. Bxe6 $11 Rxe6 27. Bxa5 Rxb2 28. Rd1 Ree2 29. Rd7 (29. Be1 $15) 29... f6 $17 ({Much worse is} 29... Bxf2+ $6 30. Kf1 f6 31. Rxb7 $11) 30. Kh2 Rxf2 31. Rg3 g5 32. Bc7 h5 (32... Rf1 {looks sharper.} 33. Rgd3 Bg1+ 34. Kg3 h5) 33. h4 g4 ({Black should play} 33... Rf1 $17 {Hoping for ...Bg1+.} 34. hxg5 Bg1+ 35. Kh3 Bf2) 34. Rd5 $11 Be7 {[%emt 0:01:03] Strongly threatening ...f5.} 35. Rxh5 f5 (35... Rbc2 $5 36. Kg1 (36. Bb6 Rf1 $17) 36... Rfd2 $11) 36. Be5 $2 ({Only move:} 36. Rh8+ $11 Kf7 37. Rh7+ Kf6 38. Bb6) 36... Rbe2 $17 37. Rh8+ Kf7 38. Rh7+ Ke8 (38... Ke6 $19 {is more deadly.} 39. Bb8 Kf6) 39. Bb8 Bc5 (39... Kf8 $17 {White must now prevent ...Kg8.} 40. Kg1 b6) 40. Rh8+ (40. Rxb7 $11 {and White stays safe.} Be7 41. h5) 40... Kf7 $1 $19 {[%emt 0:00:00] aiming for ...Rf1.} 41. Rh7+ Kf6 {[%emt 0:13:29] ...Rf1 is the strong threat.} 42. Rxb7 Rf1 $1 43. Rc3 {[%emt 0:02:05] [#]} Bg1+ (43... Rg1 $1 $17 44. Rg3 Rc1) 44. Kg3 $11 {[%emt 0:00:15] Threatens to win with Rc6+. The position is equal.} Bf2+ 45. Kh2 Bg1+ 46. Kg3 {[%emt 0:00:08] Weighted Error Value: White=0.22 (precise) /Black=0.19 (very precise)} 1/2-1/2

[Event "Azerbaijan Women Championship 2022"]
[Site "Baku"]
[Date "2022.05.18"]
[Round "2.3"]
[White "Mammadova, Gulnar"]
[Black "Beydullayeva, Govhar"]
[Result "0-1"]
[ECO "B23"]
[WhiteElo "2387"]
[BlackElo "2384"]
[Annotator "TA"]
[PlyCount "84"]
[EventDate "2022.05.17"]
[EventType "tourn"]
[EventCountry "AZE"]
[SourceTitle "playchess.com"]
[Source "ChessBase"]
[SourceQuality "1"]
[TimeControl "40/5400+30:1800+30"]

1. e4 c5 2. Nc3 d6 3. d4 cxd4 4. Qxd4 Nc6 5. Qd2 g6 6. b3 {[%emt 0:00:09] B23: Closed Sicilian: Lines without g3.} Bh6 7. f4 f5 8. Bb2 {[%emt 0:00:32] The position is equal.} Nf6 9. Bd3 Qa5 10. exf5 Bxf5 11. Nge2 O-O-O 12. O-O-O d5 13. Bxf5+ gxf5 14. Qe3 {[%emt 0:00:25] Prevents d4. Black must now prevent Qe6+.} e5 15. Qd3 (15. Qh3 Ng4 $15) 15... Rhf8 16. Qxf5+ Kb8 17. Qh3 Bxf4+ 18. Nxf4 exf4 {[%emt 0:00:02] [#]} 19. Qf3 $146 ({Predecessor:} 19. a4 a6 20. Qf3 d4 21. Ne2 Ne5 22. Qf1 Nfg4 23. Nxd4 Ne3 24. Qe1 Qc7 25. Kb1 Rxd4 26. Rxd4 Qxc2+ {½-½ (33) Guevara I Pijoan,J (2310)-De Andres Senra,S (2139) ICCF email 2020}) 19... d4 $36 {[%emt 0:24:03][%mdl 2048] Black is pushing.} 20. Ne2 Nd5 21. Nxd4 {[%emt 0:02:29] Strongly threatening Ne6.} Ncb4 $1 {[%emt 0:01:57] Pair of Knights!} 22. Ne2 Rc8 $1 (22... Qxa2 23. Nc3 Qa5 24. Nxd5 Rxd5 25. Rxd5 Qxd5 26. Rf1 $14) 23. c4 Ne3 ({Black should try} 23... Nxa2+ $15 24. Kb1 Ne3) 24. Rd4 $2 ({Don't blunder} 24. Rd7 $2 Nxa2+ 25. Kb1 Qf5+ 26. Kxa2 Qxd7 $19) (24. a3 $11 Na6 25. Nxf4 (25. Rd7 $2 Nc5 $19) 25... Nxd1 26. Rxd1) 24... Qxa2 $19 ({Not} 24... Nxa2+ 25. Kb1 $11) 25. Rd7 Rc6 (25... Rc7 $2 26. Qxf4 $1 Qxb2+ 27. Kxb2 $18) 26. Rhd1 Nxd1 $2 (26... Qxb3 27. R1d2 Qxc4+ 28. Nc3 Na2+ 29. Kb1 Nxc3+ 30. Bxc3 Qxc3) 27. Rxd1 Qa5 28. Qe4 Rcc8 ({Weaker is} 28... Na2+ 29. Kb1 Nb4 30. Qe5+ Qxe5 31. Bxe5+ Kc8 32. Nc3 $17) (28... Ka8 $19 {...Rcc8 is the strong threat.} 29. Rd7 Rc7) 29. Qe5+ $17 Qxe5 30. Bxe5+ Ka8 31. Bd6 Rfe8 32. Nxf4 a5 33. Bxb4 axb4 {[%emt 0:00:04][%mdl 4096] Endgame KRR-KRN} 34. Nd5 Rc6 {[%emt 0:03:00] Inhibits Nb6+.} 35. Nxb4 {[%emt 0:01:14] [#]} (35. Rd2 $142) 35... Rh6 $1 36. h3 {[%emt 0:01:12] [#]} (36. Nd5 $17 Re2 37. Rd2 Rxd2 38. Kxd2) 36... Re2 (36... Rg8 $1 $19 37. Rd2 Rb6) 37. c5 $2 {[%emt 0:02:30][%mdl 8192] This move loses the game for White.} (37. Rd2 $17 {is more resistant.} Rxd2 38. Kxd2) 37... Rxg2 $19 38. Rd3 Rh2 39. Nd5 $2 (39. h4) 39... R6xh3 {[%emt 0:00:27] Black is clearly winning.} 40. Nb6+ Ka7 41. Rd4 Rc3+ 42. Kd1 Rxc5 {[%emt 0:00:06] Weighted Error Value: White=0.71/Black=0.22 (precise)} 0-1

[Event "Azerbaijan Women Championship 2022"]
[Site "Baku"]
[Date "2022.05.18"]
[Round "2.4"]
[White "Allahverdiyeva, Ayan"]
[Black "Fataliyeva, Ulviyya"]
[Result "0-1"]
[ECO "B12"]
[WhiteElo "2120"]
[BlackElo "2348"]
[Annotator "TA"]
[PlyCount "85"]
[EventDate "2022.05.17"]
[EventType "tourn"]
[EventCountry "AZE"]
[SourceTitle "playchess.com"]
[Source "ChessBase"]
[SourceQuality "1"]
[TimeControl "40/5400+30:1800+30"]

1. e4 c6 2. d4 d5 3. e5 c5 4. dxc5 Nc6 5. Nf3 Bg4 6. c3 {[%emt 0:01:06] B12: Caro-Kann: Advance Variation.} e6 7. b4 a5 8. Bb5 {[%emt 0:02:50] The position is equal.} Qc7 9. O-O Bxf3 10. Qxf3 {[%emt 0:00:05] [#]} (10. gxf3 axb4 11. Qd4 bxc3 12. Nxc3 Nge7 $17) 10... Qxe5 $146 ({Predecessor:} 10... Nge7 11. Nd2 Ng6 12. c4 Ngxe5 13. Qf4 Be7 14. Bb2 f6 15. cxd5 exd5 16. a3 O-O {½-½ (41) Figura,A (1970)-Cardoso Garcia,S (1981) LSS email 2011}) 11. Bd2 (11. Bf4 $14 Qf5 12. g4) 11... Nf6 $11 12. Re1 Ne4 {[%emt 0:00:22] ...axb4 is the strong threat.} 13. Bf4 Qf6 14. Nd2 (14. Bxc6+ $11 {keeps the balance.} bxc6 15. Rxe4 dxe4 16. Qxe4) 14... Nxc3 $17 15. Bxc6+ bxc6 16. Qe3 {[%emt 0:00:33] And now Be5 would win.} axb4 {[%emt 0:03:50] aiming for ...d4.} 17. Be5 {[%emt 0:03:48] [#] Prevents d4.} Qf5 18. a3 f6 19. Bg3 (19. Bd4 $17) 19... Kf7 {[%emt 0:09:29] White must now prevent ...e5.} 20. axb4 d4 ({Stronger than} 20... Rxa1 21. Rxa1 d4 22. Qe1 $17 (22. Ra7+ Be7 $17)) 21. Qf3 ({Avoid the trap} 21. Qxd4 $2 Rxa1 22. Qd7+ Be7 23. Rxa1 Rd8 24. Qxc6 Ne2+ 25. Kh1 Rxd2 $19) 21... Qxf3 22. Nxf3 Rxa1 23. Rxa1 {[%emt 0:00:03] [#]} e5 $1 24. Ra8 Rg8 {[%emt 0:00:50] Hoping for ...Be7.} 25. Rc8 (25. Bxe5 $17 {only move.} fxe5 26. Nxe5+ Ke6 27. f4) 25... Nd5 (25... Be7 $142 26. Rxc6 Rb8) 26. Rxc6 (26. Bxe5 Ne7 27. Rd8 fxe5 28. Nxe5+ Kf6 29. Nf3) 26... Nxb4 $19 27. Rc7+ Be7 28. Rb7 Nc6 29. Nd2 Ra8 30. h3 Ra1+ 31. Kh2 Ke6 32. Rc7 Kd5 33. Rd7+ $1 Ke6 34. Rc7 Nb4 {[%emt 0:00:52] Black is clearly winning.} 35. Rb7 Nd5 36. Nb3 Ra2 37. c6 Rc2 38. f4 Rxc6 39. Rb5 g6 40. fxe5 fxe5 41. Nd2 Bf6 42. Ra5 Ne3 43. Nf3 {[%emt 0:01:37] Weighted Error Value: White=0.37/Black=0.25 (precise)} 0-1